 Dungeon Crawl Stone Soup version 0.27.1-34-g3ba077fa99 (webtiles) character file.

Game seed: 10947866716059997950

2576 fishdoom the Blocker (level 9, -5/74 HPs)
             Began as a Gnoll Fighter on Jan 25, 2022.
             Was an Initiate of Okawaru.
             Killed by vampiric draining
             ... invoked by a vampire
              (13 damage)
             ... on level 7 of the Dungeon.
             The game lasted 00:30:13 (5682 turns).

fishdoom the Blocker (Gnoll Fighter)                Turns: 5682, Time: 00:30:14

Health: -5/74      AC: 16    Str: 19    XL:     9   Next: 57%
Magic:  15/15      EV:  7    Int:  7    God:    Okawaru [......]
Gold:   369        SH:  0    Dex: 12    Spells: 16/16 levels left

rFire    . . .     SeeInvis .   G - +1 battleaxe (flame)
rCold    . . .     Faith    .   (shield currently unavailable)
rNeg     . . .     Spirit   .   N - +0 plate armour
rPois    +         Reflect  .   L - +0 helmet
rElec    .         Harm     .   w - scarf {shadows}
rCorr    .         Rampage  .   (no gloves)
Will     .....     Clarity  +   D - +0 pair of boots
Stlth    ..........             e - amulet of regeneration
HPRegen  1.22/turn              s - ring of wizardry
MPRegen  0.14/turn              (no ring)

@: mighty
A: fangs 1, strong nose, distributed training, talons 1, clarity, poison
resistance
a: Renounce Religion


You were on level 7 of the Dungeon.
You worshipped Okawaru.
Okawaru was noncommittal.
You visited 2 branches of the dungeon, and saw 8 of its levels.

You collected 720 gold pieces.
You spent 351 gold pieces at shops.

Inventory:

Hand Weapons
 a - a +1 war axe
 f - a +4 dagger
 j - a +3 vampiric spear
 p - a +0 dagger of venom
 G - a +1 battleaxe of flaming (weapon)
 M - a +4 quarterstaff of chaos
 O - a +2 long sword
 P - a +6 spear of freezing
 Q - a +5 flail
 R - a +0 dagger of protection
 T - a +1 flail of protection
Missiles
 i - 8 silver javelins (quivered)
 q - 7 datura-tipped darts
Armour
 c - a +0 kite shield
 h - a +0 robe of positive energy
 w - a scarf of shadows (worn)
 B - a +2 robe of the Archmagi
 C - a +2 leather armour of poison resistance
 D - a +0 pair of boots (worn)
 L - a +0 helmet (worn)
 N - a +0 plate armour (worn)
Magical Staves
 S - a staff of air
Jewellery
 e - an amulet of regeneration (around neck)
 s - a ring of wizardry (left hand)
 z - an amulet of guardian spirit
Wands
 b - a wand of flame (20)
 t - a wand of polymorph (7)
Scrolls
 l - a scroll of immolation {unknown}
 m - 2 scrolls of noise
 u - a scroll of blinking {unknown}
 v - 2 scrolls of identify
 x - 2 scrolls of teleportation {unknown}
 y - 3 scrolls of fog {unknown}
 E - a scroll of torment {unknown}
 F - 2 scrolls of magic mapping {unknown}
 H - 2 scrolls of acquirement {unknown}
 I - 2 scrolls of summoning {unknown}
 J - 2 scrolls of amnesia {unknown}
Potions
 g - 3 potions of flight
 k - 2 potions of magic {unknown}
 n - 2 potions of heal wounds {unknown}
 o - 6 potions of curing
 r - 4 potions of attraction {unknown}
 A - 2 potions of degeneration {unknown}
 K - a potion of ambrosia {unknown}


   Skills:
 + Level 8.0 Fighting
 + Level 4.3 Short Blades
 + Level 4.3 Long Blades
 + Level 6.4 Axes
 + Level 4.3 Maces & Flails
 + Level 4.3 Polearms
 + Level 4.3 Staves
 + Level 4.3 Slings
 + Level 4.3 Bows
 + Level 4.3 Crossbows
 + Level 4.3 Throwing
 + Level 8.0 Armour
 + Level 4.3 Dodging
 + Level 4.3 Stealth
 + Level 8.0 Shields
 + Level 4.3 Unarmed Combat
 + Level 4.3 Spellcasting
 + Level 3.6 Conjurations
 + Level 3.6 Hexes
 + Level 3.6 Summonings
 + Level 3.6 Necromancy
 + Level 3.6 Translocations
 + Level 3.6 Transmutations
 + Level 3.6 Fire Magic
 + Level 3.6 Ice Magic
 + Level 3.6 Air Magic
 + Level 3.6 Earth Magic
 + Level 3.6 Poison Magic
 + Level 4.8 Invocations
 + Level 4.3 Evocations


You had 16 spell levels left.
You didn't know any spells.
Your spell library contained the following spells:

 Spells                   Type           Power      Damage    Failure   Level
 Animate Skeleton         Necr           12%        N/A       50%         1
 Pain                     Necr           24%        1d5       50%         1
 Frozen Ramparts          Ice            12%        1d3       86%         3
 Inner Flame              Hex/Fire       6%         N/A       86%         3
 Vampiric Draining        Necr           3%         2d6       86%         3
 Cause Fear               Hex            3%         N/A       99%         4
 Fulminant Prism          Conj/Hex       3%         3d6       99%         4
 Ice Form                 Ice/Tmut       6%         N/A       99%         4
 Iskenderun's Mystic Bla  Conj/Tloc      6%         2d4       99%         4
 Summon Ice Beast         Ice/Summ       6%         N/A       99%         4
 Lee's Rapid Deconstruct  Erth           3%         3d6*      100%        5
 Discord                  Hex            3%         N/A       100%        8


Dungeon Overview and Level Annotations

Branches:
Dungeon (7/15)             Temple (1/1) D:7

Altars:
Okawaru
Qazlal
Ru
Sif Muna
Xom

Shops:
D:3 :   D:4 *?


Innate Abilities, Weirdness & Mutations

You have very sharp teeth.
Your uncanny sense of smell can sniff out nearby items.
Your experience applies equally to all skills.
You have sharp toenails.
You possess an exceptional clarity of mind.
Your system is resistant to poisons. (rPois)


Message History

You closely miss something. Something hits you!
Something bites you but does no damage.
You completely miss something. Something hits you but does no damage.
Something bites you.
Something draws strength from your injuries!
You slice something!! You burn something.
Something hits you but does no damage. Something bites you.
Something draws strength from your injuries!
Something hits you but does no damage. Something bites you.
Something draws strength from your injuries!
You barely miss something. Something draws life force from you!
* * * LOW HITPOINT WARNING * * *
You closely miss something. You bite something.
You hear some strange, mumbled words.
Something tries to affect you, but you resist.
Something hits you but does no damage. Something completely misses you.
Aiming: Throw Flame
Press: ? - help, Shift-Dir - straight line The puff of flame hits something!
Something hits you but does no damage. Something bites you.
* * * LOW HITPOINT WARNING * * *
Something draws strength from your injuries!
Aiming: Polymorph
Press: ? - help, Shift-Dir - straight line Nothing appears to happen.
Something draws life force from you!
* * * LOW HITPOINT WARNING * * *
You slash something! You burn something. You bite something.
You hear some strange, mumbled words.
You feel momentarily confused.
You miss something. You bite something. Something hits you but does no damage.
Something bites you!
* * * LOW HITPOINT WARNING * * *
Something draws strength from your injuries!
You feel very mighty all of a sudden. Something hits you.
* * * LOW HITPOINT WARNING * * *
Something bites you but does no damage.
You hit something. You burn something. Your bite misses something.
Something draws life force from you!
You die...

.........###
..........##
.................##
..................##
........<(........#
.................####
##.......#...........
..#..{?...###.#........
......@...###..##...#..
##.........##...##..#.#
#.........##....##.###
.....?.....#(.>.###.#
..........#.....###.#
.#..........##...#..#
..........####..†.####
........## #......##.
.##....#............


There were no monsters in sight!

Vanquished Creatures
  A wraith (D:6)
  Menkaure (D:5)
  An acid dragon (D:6)
  Duvessa (D:4)
  A water moccasin (D:5)
  A sky beast (D:3)
  A black bear (D:4)
  2 ice beasts
  A phantom (D:5)
  A centaur (D:6)
  2 scorpions
  A bullfrog (D:7)
  Dowan (D:4)
  A wyvern skeleton (D:4)
  A water moccasin zombie (D:4)
  6 killer bees (D:7)
  3 wights (D:6)
  3 bullfrog zombies
  A centaur zombie (D:7)
  Crazy Yiuf (D:5)
  5 hounds
  2 jellies
  An orc priest (D:3)
  4 iguanas
  A hound skeleton (D:4)
  7 gnolls
  7 adders
  A white imp (D:6)
  2 ufetubi
  4 worms
  14 orcs
  4 endoplasms (D:4)
  2 giant cockroaches
  4 goblins
  4 hobgoblins
  8 jackals
  A quokka (D:4)
  10 ball pythons
  4 bats
  3 frilled lizards
  A jackal skeleton (D:4)
  6 kobolds
  3 rats (D:1)
129 creatures vanquished.

Vanquished Creatures (others)
  4 plants (D:3)
4 creatures vanquished.

Grand Total: 133 creatures vanquished

Notes
Turn   | Place    | Note
-------+----------+-------------------------------------------
     0 | D:1      | fishdoom the Gnoll Fighter began the quest for the Orb.
     0 | D:1      | Reached XP level 1. HP: 23/23 MP: 1/1
   320 | D:1      | Reached XP level 2. HP: 29/29 MP: 2/2
  1069 | D:2      | Found an iron altar of Okawaru.
  1091 | D:2      | Reached XP level 3. HP: 27/35 MP: 3/3
  1186 | D:2      | Reached skill level 1 in Invocations
  1196 | D:2      | Reached skill level 1 in Short Blades
  1196 | D:2      | Reached skill level 1 in Long Blades
  1196 | D:2      | Reached skill level 1 in Maces & Flails
  1196 | D:2      | Reached skill level 1 in Polearms
  1196 | D:2      | Reached skill level 1 in Staves
  1196 | D:2      | Reached skill level 1 in Slings
  1196 | D:2      | Reached skill level 1 in Bows
  1196 | D:2      | Reached skill level 1 in Crossbows
  1196 | D:2      | Reached skill level 1 in Throwing
  1196 | D:2      | Reached skill level 1 in Dodging
  1196 | D:2      | Reached skill level 1 in Stealth
  1196 | D:2      | Reached skill level 1 in Unarmed Combat
  1196 | D:2      | Reached skill level 1 in Spellcasting
  1196 | D:2      | Reached skill level 1 in Evocations
  1202 | D:2      | Reached XP level 4. HP: 17/41 MP: 5/5
  1398 | D:2      | Found a faded altar of an unknown god.
  2058 | D:3      | Found Vyrorph's Book Shoppe.
  2095 | D:3      | Reached skill level 1 in Conjurations
  2095 | D:3      | Reached skill level 1 in Hexes
  2095 | D:3      | Reached skill level 1 in Summonings
  2095 | D:3      | Reached skill level 1 in Necromancy
  2095 | D:3      | Reached skill level 1 in Translocations
  2095 | D:3      | Reached skill level 1 in Transmutations
  2095 | D:3      | Reached skill level 1 in Fire Magic
  2095 | D:3      | Reached skill level 1 in Ice Magic
  2095 | D:3      | Reached skill level 1 in Air Magic
  2095 | D:3      | Reached skill level 1 in Earth Magic
  2095 | D:3      | Reached skill level 1 in Poison Magic
  2127 | D:3      | Reached XP level 5. HP: 43/47 MP: 5/7
  2448 | D:3      | Noticed a sky beast
  2478 | D:3      | Killed a sky beast
  2479 | D:3      | Reached XP level 6. HP: 19/53 MP: 8/8
  2916 | D:4      | Reached skill level 5 in Axes
  2939 | D:4      | Found Banifu Bosm's Magic Scroll Shop.
  2948 | D:4      | Bought a scroll of identify for 22 gold pieces
  2948 | D:4      | Bought a scroll of enchant weapon for 82 gold pieces
  2952 | D:4      | Gained mutation: Armour fits poorly on your strangely
                  | shaped body. [potion of mutation]
  2952 | D:4      | Gained mutation: Potions are less effective at restoring
                  | your health. [potion of mutation]
  2953 | D:4      | Lost mutation: Armour fits poorly on your strangely shaped
                  | body. [potion of mutation]
  2953 | D:4      | Lost mutation: Potions are less effective at restoring your
                  | health. [potion of mutation]
  2953 | D:4      | Gained mutation: Your system is resistant to poisons.
                  | (rPois) [potion of mutation]
  2953 | D:4      | Gained mutation: You possess an exceptional clarity of
                  | mind. [potion of mutation]
  2953 | D:4      | Gained mutation: You have sharp toenails. [potion of
                  | mutation]
  3094 | D:4      | Found Wurrext's Assorted Antiques.
  3131 | D:4      | Noticed a black bear
  3138 | D:4      | Killed a black bear
  3204 | D:4      | Reached XP level 7. HP: 57/59 MP: 10/10
  3399 | D:4      | Noticed Duvessa
  3403 | D:4      | Noticed Dowan
  3408 | D:4      | Killed Duvessa
  3418 | D:4      | Killed Dowan
  3727 | D:5      | Entered Level 5 of the Dungeon
  3763 | D:5      | Reached XP level 8. HP: 20/67 MP: 12/12
  3980 | D:4      | Bought a runed battleaxe for 247 gold pieces
  4055 | D:5      | Found a runed translucent door.
  4056 | D:5      | Noticed Crazy Yiuf
  4173 | D:5      | Noticed Menkaure
  4177 | D:5      | Killed Menkaure
  4735 | D:5      | Killed Crazy Yiuf
  4810 | D:6      | Noticed a wraith
  4816 | D:6      | Killed a wraith
  5083 | D:6      | Reached XP level 9. HP: 72/72 MP: 14/14
  5584 | D:7      | Found a staircase to the Ecumenical Temple.
  5613 | Temple   | Entered the Ecumenical Temple
  5627 | Temple   | Became a worshipper of Warmaster Okawaru
  5682 | D:7      | Killed from afar by a vampire

Illustrated notes

Levels and vault maps discovered:
D:1:      sevenhm_arrival_forest_fort_large_2, layout_basic, minivault_4,
          serial_bayou_lagoon_a
D:2:      layout_rooms, ebering_ecumenical_altar_mist, basic_altar,
          minmay_domino_2
D:3:      layout_basic, serial_shops, nicolae_diamond_shop, serial_bayou_pond_b,
          st_stairs_13
D:4:      minmay_polygon_palace, layout_cave_pools, serial_shops, shop, shop,
          cheibrodos_gnoll_hut, uniq_duvessa
D:5:      wander_river, layout_gridville, kennysheep_another_room,
          minmay_misc_feat_encased, uniq_crazy_yiuf_cottage, uniq_menkaure
D:6:      layout_basic
D:7:      layout_cave_pools, minmay_temple_entry_wispy
Temple:   minmay_crystal_snake_temple

Skill      XL: |  1  2  3  4  5  6  7  8  9 |
---------------+----------------------------+-----
Invocations    | 1 2 3 4 |  4.8
Short Blades   | 1 2 3 4 |  4.3
Long Blades    | 1 2 3 4 |  4.3
Maces & Flails | 1 2 3 4 |  4.3
Polearms       | 1 2 3 4 |  4.3
Staves         | 1 2 3 4 |  4.3
Slings         | 1 2 3 4 |  4.3
Bows           | 1 2 3 4 |  4.3
Crossbows      | 1 2 3 4 |  4.3
Throwing       | 1 2 3 4 |  4.3
Dodging        | 1 2 3 4 |  4.3
Stealth        | 1 2 3 4 |  4.3
Unarmed Combat | 1 2 3 4 |  4.3
Spellcasting   | 1 2 3 4 |  4.3
Evocations     | 1 2 3 4 |  4.3
Conjurations   | 1 2 3 |  3.6
Hexes          | 1 2 3 |  3.6
Summonings     | 1 2 3 |  3.6
Necromancy     | 1 2 3 |  3.6
Translocations | 1 2 3 |  3.6
Transmutations | 1 2 3 |  3.6
Fire Magic     | 1 2 3 |  3.6
Ice Magic      | 1 2 3 |  3.6
Air Magic      | 1 2 3 |  3.6
Earth Magic    | 1 2 3 |  3.6
Poison Magic   | 1 2 3 |  3.6
Axes           | 5 6 |  6.4
Fighting       | 7 8 |  8.0
Armour         | 7 8 |  8.0
Shields        | 7 8 |  8.0

Action                   |  1- 3 |  4- 6 |  7- 9 || total
-------------------------+-------+-------+-------++-------
Melee: War axe           |    58 |    35 |   126 ||   219
       Bite              |     8 |    12 |    34 ||    54
       Dagger            |    14 |       |       ||    14
       Spear             |       |   113 |       ||   113
       Kick              |       |     2 |    20 ||    22
       Battleaxe         |       |       |   138 ||   138
Throw: Javelin           |     3 |     4 |       ||     7
Evoke: Wand              |       |       |     2 ||     2
  Use: Potion            |       |     3 |     5 ||     8
       Scroll            |       |     5 |     1 ||     6
Armor: Scale mail        |    35 |    17 |       ||    52
       Chain mail        |       |    33 |    84 ||   117
       Plate armour      |       |       |   135 ||   135
Dodge: Dodged            |    29 |    27 |   115 ||   171
Block: Kite shield       |    45 |    90 |    69 ||   204
